 Dungeon Crawl Stone Soup version 0.25-a0-611-g6918904 (webtiles) character file.

Game seed: 4088463430541701318, levelgen mode: deterministic

746 robertstho the Shield-Bearer (level 8, -4/62 HPs)
             Began as a Formicid Fighter on Mar 16, 2020.
             Was a Follower of Dithmenos.
             Slain by an ogre
             ... wielding a +0 giant spiked club
              (28 damage)
             ... on level 6 of the Dungeon.
             The game lasted 00:06:22 (3712 turns).

robertstho the Shield-Bearer (Formicid Fighter)     Turns: 3712, Time: 00:06:22

Health: -4/62      AC: 11    Str: 27    XL:     8   Next: 5%
Magic:  10/10      EV:  7    Int:  8    God:    Dithmenos [*.....]
Gold:   159        SH: 11    Dex: 10    Spells: 7/7 levels left

rFire    . . .     SeeInvis +   a - +1 war axe
rCold    . . .     Gourm    .   c - +1 kite shield
rNeg     . . .     Faith    .   h - +0 chain mail
rPois    .         Spirit   .   (helmet unavailable)
rElec    .         Reflect  .   o - +0 cloak
rCorr    +         Harm     .   (no gloves)
MR       .....                  (no boots)
Stlth    ..........             (no amulet)
HPRegen  0.20/turn              r - +4 ring of strength
MPRegen  0.12/turn              v - ring of resist corrosion

@: wreathed by umbra
A: permanent stasis, dig shafts and tunnels, four strong arms, antennae 3
a: Dig, Shaft Self, Renounce Religion


You were on level 6 of the Dungeon.
You worshipped Dithmenos.
Dithmenos was aware of your devotion.
You were not hungry.

You visited 1 branch of the dungeon, and saw 6 of its levels.

You collected 291 gold pieces.
You spent 132 gold pieces at shops.

Inventory:

Hand Weapons
 a - a +1 war axe (weapon)
 g - a +0 flail of holy wrath
 n - a +3 quarterstaff of chaos
Armour
 c - a +1 kite shield (worn)
 h - a +0 chain mail (worn)
 o - a +0 cloak (worn)
Jewellery
 i - a cursed amulet of inaccuracy {unknown}
 j - a +3 ring of strength
 r - a +4 ring of strength (left hand)
 v - a ring of resist corrosion (right hand)
Wands
 q - a wand of random effects (10)
Scrolls
 b - a scroll of enchant weapon
 e - 2 scrolls of enchant armour
 l - a scroll of remove curse
 w - a scroll of magic mapping
 y - a scroll of identify {unknown}
Potions
 d - a potion of might
 k - 3 potions of curing
 m - a potion of degeneration {unknown}
 p - a potion of lignification {unknown}
 s - a potion of flight
 t - a potion of heal wounds
 x - a potion of magic {unknown}
 z - a potion of berserk rage {unknown}
Comestibles
 f - 11 rations
 u - 2 chunks of flesh


   Skills:
 * Level 5.2 Fighting
 + Level 3.3 Axes
 + Level 2.4 Staves
 * Level 5.5 Armour
 + Level 0.7 Dodging
 + Level 5.6 Shields
 * Level 3.0 Invocations


You had 7 spell levels left.
You didn't know any spells.
Your spell library was empty.

Dungeon Overview and Level Annotations

Branches:
Dungeon (6/15)             Temple (0/1) D:5

Altars:
Cheibriados
Dithmenos
Elyvilon
Fedhas
Sif Muna
Vehumet
Wu Jian
Yredelemnul

Shops:
D:4 !   D:5 *

Annotations:
D:4 potion shop


Innate Abilities, Weirdness & Mutations

You cannot be hasted, slowed, berserked, paralysed or teleported.
You can dig through walls and to a lower floor.
Your four strong arms can wield two-handed weapons with a shield.
You have a pair of large antennae on your head. (SInv)


Message History

Things that are here:
a +1 mace of venom; an orc skeleton An ogre comes into view.
It is wielding a +0 giant spiked club.
The ogre shouts!
You hear a shout!
An orc comes into view. It is wielding a +0 mace.
The orc shouts!
You hear a shout!
An orc wizard comes into view. It is wielding a +0 dagger.
Found a small malachite amulet.
The orc wizard shouts!
The ogre hits you with a +0 giant spiked club!!
You are too injured to fight recklessly!
You are too injured to fight recklessly!
Unknown command.
An orc comes into view. It is wielding a +0 dagger of venom.
You hear the brisk rusting of a very distant drain.
There is a stone staircase leading up, spattered with blood here.
The orc wizard casts a spell.
The orc wizard seems to speed up.
The ogre hits you with a +0 giant spiked club!!
You die...

.. .# #####
######..## ####...###
#......... #........#
#{##.....#
#.##...#.###.###.o{##
#.........##.# #....
#...[.....oo.# "###
#...@O....#### .#
#..)))...## #
####...).# #.....#
#.....# #.....####
#..<.....+ ###...####
.....#


You could see an ogre, an orc wizard and an orc.

Vanquished Creatures
  An orc warrior (D:6)
  A scorpion (D:4)
  A crimson imp (D:5)
  A jelly (D:4)
  2 orc priests
  Crazy Yiuf (D:3)
  A bullfrog skeleton (D:5)
  2 hounds (D:4)
  5 orc wizards
  Jessica (D:3)
  An iguana (D:5)
  A hound skeleton (D:4)
  A gnoll (D:1)
  6 adders
  An ooze (D:1)
  A worm (D:2)
  2 dart slugs
  3 leopard geckos
  14 orcs
  5 giant cockroaches
  3 goblins
  8 hobgoblins
  6 jackals (D:4)
  2 kobolds (D:2)
  A quokka (D:3)
  8 bats
  4 frilled lizards
  A leopard gecko skeleton (D:4)
  A quokka skeleton (D:4)
  4 rats
  A spectral orc (D:2)
90 creatures vanquished.

Notes
Turn   | Place    | Note
-------+----------+-------------------------------------------
     0 | D:1      | robertstho the Formicid Fighter began the quest for the
                  | Orb.
     0 | D:1      | Reached XP level 1. HP: 18/18 MP: 1/1
   130 | D:1      | Reached XP level 2. HP: 24/24 MP: 2/2
   331 | D:1      | Reached XP level 3. HP: 28/30 MP: 3/3
   721 | D:2      | Reached XP level 4. HP: 27/37 MP: 4/4
  1183 | D:2      | Found a shadowy altar of Dithmenos.
  1190 | D:2      | Found a snail-covered altar of Cheibriados.
  1209 | D:2      | Found a basalt altar of Yredelemnul.
  1409 | D:2      | Became a worshipper of Dithmenos the Shadowed
  1532 | D:3      | Reached XP level 5. HP: 42/42 MP: 5/5
  1651 | D:3      | Noticed Jessica
  1664 | D:3      | Killed Jessica
  1791 | D:3      | Found a runed translucent door.
  1792 | D:3      | Noticed Crazy Yiuf
  1798 | D:3      | Killed Crazy Yiuf
  1798 | D:3      | Reached skill level 1 in Invocations
  2123 | D:4      | Reached XP level 6. HP: 49/49 MP: 6/6
  2148 | D:4      | Found Livid's Distillery.
  2191 | D:4      | Reached skill level 5 in Armour
  2206 | D:4      | Bought a potion of flight for 36 gold pieces
  2206 | D:4      | Bought a potion of heal wounds for 60 gold pieces
  2206 | D:4      | Bought a potion of curing for 36 gold pieces
  2343 | D:4      | Reached * piety under Dithmenos
  2355 | D:4      | Found a shimmering blue altar of Sif Muna.
  2376 | D:4      | Reached skill level 1 in Staves
  2479 | D:4      | Reached XP level 7. HP: 44/55 MP: 8/8
  2579 | D:4      | Reached skill level 5 in Shields
  2678 | D:4      | Found a white marble altar of Elyvilon.
  2977 | D:5      | Entered Level 5 of the Dungeon
  2989 | D:5      | Found Nixakh's General Store.
  2993 | D:5      | Reached skill level 5 in Fighting
  3059 | D:5      | Found a staircase to the Ecumenical Temple.
  3164 | D:5      | Found a blossoming altar of Fedhas.
  3165 | D:5      | Found a radiant altar of Vehumet.
  3167 | D:5      | Found an ornate altar of the Wu Jian Council.
  3676 | D:6      | Reached XP level 8. HP: 35/62 MP: 10/10
  3712 | D:6      | Slain by an ogre

Levels and vault maps discovered:
D:1:      eino_arrival_water_cross, layout_loops_cross, minmay_pentomino_p2
D:2:      layout_basic, cheibriados_altar_1, grunt_dithmenos_smoke_and_mirrors,
          yredelemnul_forgotten_temple_becter, hangedman_abyss_or_decor_stabs
D:3:      layout_rooms, minmay_misc_feat_chi, hex_tiny, minivault_14,
          uniq_crazy_yiuf_cottage, uniq_jessica
D:4:      layout_layer_cave, kennysheep_mini, old_standard_altar, serial_shops,
          shop, first_ration, moated_statue
D:5:      layout_basic, chequers_temple_overflow_statue_of_worship,
          minmay_temple_entry_glassed_door, serial_shops, shop
D:6:      minmay_chambers_of_sixes, layout_loops_corners, old_standard_altar,
          gup_sewer_entry_glass

Skill      XL: |  1  2  3  4  5  6  7 |
---------------+----------------------+-----
Shields        | 4 5 |  5.6
Fighting       | 4 5 |  5.2
Armour         | 4 5 |  5.5
Invocations    | 1 3 |  3.0
Axes           | 3 |  3.3
Staves         | 1 2 |  2.4
Dodging        | |  0.7

Action                   |  1- 3 |  4- 6 |  7- 9 || total
-------------------------+-------+-------+-------++-------
Melee: War axe           |    67 |    75 |    15 ||   157
       Quarterstaff      |       |    89 |    32 ||   121
  Use: Scroll            |       |     8 |     1 ||     9
  Eat: Chunk             |       |     5 |     4 ||     9
Armor: Scale mail        |    16 |       |       ||    16
       Chain mail        |    13 |   116 |    17 ||   146
Dodge: Dodged            |    25 |    74 |    10 ||   109
Block: Kite shield       |    35 |   144 |    33 ||   212

Table legend:
 A = Non-vault XP
 B = Vault XP
 C = Vault XP percentage of total XP
 D = Non-vault monster count
 E = Vault monster count
 F = Vault count percentage of total count
                 A         B        C        D         E       F
            +---------+---------+-------+---------+---------+-------
      Total |     987 |      79 |   7.4 |      87 |       3 |   3.3
            +---------+---------+-------+---------+---------+-------
        D:1 |      40 |       0 |   0.0 |      12 |       0 |   0.0
        D:2 |      81 |       1 |   1.2 |      19 |       1 |   5.0
        D:3 |      27 |      78 |  74.3 |      14 |       2 |  12.5
        D:4 |     366 |       0 |   0.0 |      28 |       0 |   0.0
        D:5 |     254 |       0 |   0.0 |       9 |       0 |   0.0
        D:6 |     219 |       0 |   0.0 |       5 |       0 |   0.0
            +---------+---------+-------+---------+---------+-------
